 Dungeon Crawl Stone Soup version 0.30.0-29-ga12c61a403 (webtiles) character file.

Game seed: 3344842782817367282

509 BONEBRO the Cleaver (level 6, 0/52 HPs)
             Began as a Minotaur Fighter on June 11, 2023.
             Was an Initiate of Yredelemnul.
             Succumbed to a water moccasin's poison
             ... on level 5 of the Dungeon.
             The game lasted 00:11:51 (3431 turns).

BONEBRO the Cleaver (Minotaur Fighter)              Turns: 3431, Time: 00:11:52

Health: 0/52       AC:  8    Str: 23    XL:     6   Next: 98%
Magic:  5/5        EV:  9    Int:  5    God:    Yredelemnul [......]
Gold:   133        SH:  4    Dex:  9    Spells: 5/5 levels left

rFire   . . .        a - +0 war axe
rCold   . . .        c - +0 buckler
rNeg    . . .        b - +0 scale mail
rPois   .            (helmet restricted)
rElec   .            (no cloak)
rCorr   .            (no gloves)
SInv    .            n - +0 pair of boots
Will    .....        (no amulet) Stlth
                     (no ring)
HPRegen 0.28/turn    (no ring)
MPRegen 0.09/turn

%: no passive effects
@: lethally poisoned (0 -> -11)
A: horns 2, retaliatory headbutt
a: Renounce Religion, Recall Undead Harvest


You were on level 5 of the Dungeon.
You worshipped Yredelemnul.
Yredelemnul was noncommittal.
You visited 2 branches of the dungeon, and saw 6 of its levels.

You collected 133 gold pieces.

Inventory:

Hand Weapons
 a - a +0 war axe (weapon)
Armour
 b - a +0 scale mail (worn)
 c - a +0 buckler (worn)
 n - a +0 pair of boots (worn)
 x - the +5 chain mail "Nonit" {rPois rC- Int+4}
   (You found it on level 4 of the Dungeon)

   Int:       It affects your intelligence (+4).
   rC:        It makes you vulnerable to cold.
   rPois:     It protects you from poison.
Jewellery
 h - a ring of positive energy
 k - a ring of fire
 q - a ring of fire
 w - a ring of positive energy
Scrolls
 e - 7 scrolls of identify {unknown}
 g - 3 scrolls of enchant armour {unknown}
 j - a scroll of poison {unknown}
 m - a scroll of fog {unknown}
 o - 2 scrolls of noise {unknown}
 p - a scroll of blinking {unknown}
 r - 4 scrolls of teleportation {unknown}
 s - a scroll of butterflies {unknown}
 v - a scroll of magic mapping {unknown}
Potions
 d - 2 potions of might
 f - 2 potions of flight {unknown}
 i - 2 potions of brilliance {unknown}
 l - a potion of resistance {unknown}
 t - a potion of attraction {unknown}
 u - 2 potions of curing {unknown}


   Skills:
 - Level 4.1 Fighting
 * Level 8.6 Axes
 - Level 3.9 Armour
 - Level 0.2 Dodging
 - Level 4.0 Shields


You had 5 spell levels left.
You didn't know any spells.
Your spell library contained the following spells:

 Spells                   Type           Power      Damage    Failure   Level
 Blink                    Tloc           0%         N/A       94%         2
 Lesser Beckoning         Tloc           0%         N/A       94%         2
 Momentum Strike          Conj/Tloc      0%         3d8       94%         2
 Dazzling Flash           Conj/Hex       0%         N/A       99%         3
 Portal Projectile        Hex/Tloc       0%         N/A       99%         3
 Tukima's Dance           Hex            0%         N/A       99%         3
 Manifold Assault         Tloc           0%         N/A       100%        4
 Agony                    Necr           0%         N/A       100%        5
 Blade Hands              Tmut           0%         N/A       100%        5
 Silence                  Hex/Air        0%         N/A       100%        5
 Storm Form               Tmut/Air       0%         N/A       100%        7


Dungeon Overview and Level Annotations

Branches:
Dungeon (5/15)             Temple (1/1) D:4

Altars:
Ashenzari
Elyvilon
Gozag
Makhleb
Nemelex Xobeh
Okawaru
Qazlal
Sif Muna
Vehumet
Yredelemnul


Innate Abilities, Weirdness & Mutations

You have a pair of horns on your head.
You reflexively headbutt those who attack you in melee.


Message History

You barely miss the gnoll bouda. You headbutt the gnoll bouda.
The gnoll bouda is almost dead.
The gnoll bouda barks out a call to the hunt!
The gnoll picks up the pace!
You slash the gnoll bouda!
You kill the gnoll bouda!
The water moccasin bites you.
You barely miss the water moccasin. The water moccasin bites you.
You are poisoned.
The water moccasin poisons you! The gnoll hits you but does no damage.
You closely miss the water moccasin.
You headbutt the water moccasin, but do no damage.
You feel very sick.
The water moccasin bites you but does no damage.
You block the gnoll's attack.
The water moccasin bites you but does no damage.
You hit the water moccasin.
The water moccasin is lightly wounded.
You feel very sick.
The gnoll is no longer moving quickly.
The water moccasin bites you but does no damage.
The gnoll hits you but does no damage.
You closely miss the water moccasin. You headbutt the water moccasin!
The water moccasin is heavily wounded.
You feel sick. The water moccasin bites you.
* * * LOW HITPOINT WARNING * * *
You are lethally poisoned!
The water moccasin poisons you! The gnoll barely misses you.
* * * LOW HITPOINT WARNING * * *
You feel very sick. The water moccasin bites you.
* * * LOW HITPOINT WARNING * * *
The water moccasin attacks as you move away!
The water moccasin barely misses you. You furiously retaliate!
You headbutt the water moccasin!
* * * LOW HITPOINT WARNING * * *
You feel very sick.
There is a stone staircase leading up here.
You die...
Your body rises from the dead as a mindless zombie.

#####
############....##
...<>.............
########.S@.....#
#.######## ###g#
#..g# ../g...###
......# ......
..... .....


You could see a water moccasin.

Vanquished Creatures
  2 ogres (D:4)
  A hound (D:4)
  2 gnoll boudas
  2 orc priests
  2 orc wizards
  5 gnolls
  2 adders (D:4)
  A worm (D:2)
  6 dart slugs
  6 orcs
  8 ball pythons
  5 endoplasms
  3 giant cockroaches
  5 hobgoblins
  2 jackals (D:1)
  2 quokkas
  6 bats
  3 frilled lizards
  4 goblins
  6 kobolds
  3 rats
76 creatures vanquished.

Vanquished Creatures (collateral kills)
  2 kobolds (D:4)
2 creatures vanquished.

Vanquished Creatures (others)
  An adder zombie (D:4)
  A gnoll zombie (D:5)
  A hobgoblin zombie (D:4)
  An orc zombie (D:4)
4 creatures vanquished.

Grand Total: 82 creatures vanquished

Notes
Turn   | Place    | Note
-------+----------+-------------------------------------------
     0 | D:1      | BONEBRO the Minotaur Fighter began the quest for the Orb.
     0 | D:1      | Reached XP level 1. HP: 19/19 MP: 0/0
   205 | D:1      | Reached XP level 2. HP: 27/27 MP: 1/1
   863 | D:2      | Reached XP level 3. HP: 33/33 MP: 2/2
   909 | D:2      | Reached skill level 3 in Axes
  1313 | D:3      | Reached skill level 4 in Axes
  1313 | D:3      | Reached XP level 4. HP: 16/40 MP: 3/3
  1685 | D:3      | Reached skill level 5 in Axes
  1992 | D:4      | Found a staircase to the Ecumenical Temple.
  2003 | Temple   | Entered the Ecumenical Temple
  2033 | Temple   | Became a worshipper of Yredelemnul the Dark
  2197 | D:4      | Noticed an ogre
  2233 | D:4      | Killed an ogre
  2234 | D:4      | Reached skill level 6 in Axes
  2234 | D:4      | Reached XP level 5. HP: 31/46 MP: 4/4
  2280 | D:4      | Reached * piety under Yredelemnul
  2363 | D:4      | Reached ** piety under Yredelemnul
  2364 | D:4      | Reached skill level 7 in Axes
  2364 | D:4      | Reached XP level 6. HP: 25/52 MP: 5/5
  2948 | D:4      | Identified the +5 chain mail "Nonit" {rPois rC- Int+4}
  3112 | D:4      | Reached skill level 8 in Axes
  3371 | D:5      | Entered Level 5 of the Dungeon
  3400 | D:5      | Noticed a water moccasin
  3431 | D:5      | Succumbed to a water moccasin's poison

Illustrated notes

Levels and vault maps discovered:
D:1:      pf_arrival_petrified_forest, layout_basic
D:2:      layout_basic
D:3:      layout_basic, minmay_strange_pillars
D:4:      layout_basic, minmay_temple_entry_tees, serial_aquarium,
          aquarium_bridge_long_joined [aquarium_subvault_window,
          aquarium_subvault_wall, aquarium_subvault_wall,
          aquarium_subvault_bridge, aquarium_subvault_bridge,
          aquarium_subvault_wall], aquarium_bridge_square
          [aquarium_subvault_wall, aquarium_subvault_bridge,
          aquarium_subvault_wall, aquarium_subvault_bridge],
          aquarium_window_corridor_3, aquarium_window_2, aquarium_window_fake,
          aquarium_window_1, aquarium_view_2b, aquarium_balcony_3a
D:5:      minmay_evil_eye, layout_rooms, mainiacjoe_overflow_divided_tiny,
          serial_shops, nicolae_shop_stone, corexii_item_surrounded_by_moat
Temple:   eino_wide_crystal_templ

Skill      XL: |  1  2  3  4  5  6 |
---------------+-------------------+-----
Shields        | 4 |  4.0
Fighting       | 4 |  4.1
Axes           | 4 6 7 8 |  8.6
Armour         | |  3.9
Dodging        | |  0.2

Action                     |  1- 3 |  4- 6 || total
---------------------------+-------+-------++-------
  Melee: War axe           |    74 |    82 ||   156
         Headbutt          |     2 |    10 ||    12
 Invoke: Recall Undead Har |       |     1 ||     1
 Armour: Scale mail        |    39 |    26 ||    65
  Dodge: Dodged            |    30 |    40 ||    70
  Block: Buckler           |    11 |    18 ||    29
